 Dungeon Sprint DCSS version 0.27-a0-401-gea03ee85fd (webtiles) character file.

Game seed: 7363449185556410121

15696 mhtbhm the Severer (level 12, -5/118 HPs)
             Began as a Minotaur Fighter on Feb 21, 2021.
             Was the Champion of Okawaru.
             Shot with an arrow by a deep elf master archer (29 damage)
             ... in the Dungeon (Sprint VII: "The Pits").
             The game lasted 00:06:32 (3139 turns).

mhtbhm the Severer (Minotaur Fighter)               Turns: 3139, Time: 00:06:33

Health: -5/118     AC: 24    Str: 29    XL:     12   Next: 3%
Magic:  21/21      EV: 12    Int:  5    God:    Okawaru [******]
Gold:   70         SH: 15    Dex: 10    Spells: 11/11 levels left

rFire    . . .     SeeInvis .   a - +1 broad axe (freeze)
rCold    . . .     Faith    .   c - +0 kite shield
rNeg     . . .     Spirit   .   b - +3 plate armour
rPois    +         Reflect  .   (helmet restricted)
rElec    .         Harm     .   D - +2 cloak {rPois}
rCorr    .         Rampage  .   (no gloves)
Will     .....     NoTele   +   u - +0 pair of boots {Stlth+}
Stlth    ..........             (no amulet)
HPRegen  0.29/turn              p - +3 ring of strength
MPRegen  0.17/turn              q - +3 ring of evasion

@: mighty, berserk cooldown, slowed, very slow
A: retaliatory headbutt, horns 2
a: Renounce Religion, Heroism, Finesse


You were in the Dungeon.
You worshipped Okawaru.
Okawaru was exalted by your worship.
You visited 1 branch You collected 70 gold pieces.

Inventory:

Hand Weapons
 a - a +1 broad axe of freezing (weapon)
Missiles
 n - 45 poisoned darts (quivered)
 y - 8 javelins
Armour
 b - a +3 plate armour (worn)
 c - a +0 kite shield (worn)
 t - a +0 cloak
 u - a +0 pair of boots of stealth (worn)
 D - a +2 cloak of poison resistance (worn)
Jewellery
 p - a +3 ring of strength (left hand)
 q - a +3 ring of evasion (right hand)
 w - a ring of ice
 x - a ring of poison resistance
Wands
 o - a wand of random effects (20)
Scrolls
 j - 2 scrolls of blinking
 l - 5 scrolls of amnesia
 m - a scroll of summoning
 v - a scroll of magic mapping
 z - a scroll of identify
 A - 4 scrolls of enchant armour
 B - a scroll of fog
 C - 2 scrolls of enchant weapon
Potions
 d - a potion of might
 e - 6 potions of curing
 f - 9 potions of heal wounds
 g - 2 potions of haste
 h - 4 potions of magic
 i - 4 potions of berserk rage
 k - 2 potions of invisibility
 r - 2 potions of resistance
 s - 4 potions of brilliance


   Skills:
 + Level 14.6 Fighting
 + Level 18.9 Axes
 + Level 0.6 Throwing
 + Level 13.8 Armour
 + Level 3.4 Dodging
 + Level 0.1 Stealth
 + Level 16.2 Shields
 * Level 13.5 Invocations


You had 11 spell levels left.
You didn't know any spells.
Your spell library was empty.

Dungeon Overview and Level Annotations

Branches:
Dungeon (1/1)

Altars:
Ashenzari
Cheibriados
Dithmenos
Elyvilon
Fedhas
Gozag
Hepliaklqana
Kikubaaqudgha
Makhleb
Nemelex Xobeh
Okawaru
Qazlal
Ru
Sif Muna
Trog
Uskayaw
Vehumet
Wu Jian
Xom
Yredelemnul
Zin
The Shining One
Beogh
Jiyva
Lugonu


Innate Abilities, Weirdness & Mutations

You reflexively headbutt those who attack you in melee.
You have a pair of horns on your head.


Message History

Unknown command.
Unknown command.
You feel very mighty all of a sudden.
The deep elf master archer shoots an arrow.
Something hits you but does no damage. Something bites you but does no damage.
You hear some strange, mumbled words.
You barely miss something. You slice the adder skeleton!!
You freeze the adder skeleton.
You destroy the adder skeleton!
Something hits you but does no damage. Something bites you but does no damage.
You hear some strange, mumbled words.
Unknown command.
You closely miss something. You headbutt something.
The bat skeleton misses you. Something hits you but does no damage.
Something bites you but does no damage.
You slice something!! You freeze something. Okawaru accepts your kill.
Reactivating autopickup.
You feel a bit more experienced.
You closely miss the wraith. You slash the bat skeleton!
You destroy the bat skeleton!
The deep elf master archer shoots an arrow.
The shadow disappears in a puff of smoke!
The wight disappears in a puff of smoke!
The mummy disappears in a puff of smoke!
The wraith disappears in a puff of smoke!
The flying skull disappears in a puff of smoke!
Unknown command.
As you read the scroll of fog, it crumbles to dust.
The scroll dissolves into smoke.
The deep elf master archer shoots an arrow.
You block the arrow.
The deep elf master archer shoots an arrow.
The arrow hits you!
The deep elf master archer shoots an arrow.
The arrow hits you!
* * * LOW HITPOINT WARNING * * *
The deep elf master archer shoots an arrow.
The arrow hits you!!
You die...

+..#....#. #
+..........#
#..........#
#..#....#..#
+..........#
+...§§§§§..#
#..#§§§§#..#
#....§§§§..+
#..e@.§§§..+
###Z4####''#
###''####''##########
#......##............
#.#)##.##............
#.#)['.##..##########
#.'.{#.##..# #.#::+
##..#
++###########.+):#
#..#


You could see a deep elf master archer, a chaos spawn and a jackal simulacrum.

Vanquished Creatures
  A draconian monk (D)
  A merfolk impaler (D)
  A boulder beetle (D)
  A centaur warrior (D)
  A death yak (D)
  A spriggan berserker (D)
  Nergalle (D)
  A lindwurm (D)
  A deep elf zephyrmancer (D)
  A deep elf pyromancer (D)
  A cyclops (D)
  A manticore (D)
  An orange demon (D)
  A smoke demon (D)
  A cane toad (D)
  A rime drake (D)
  2 guardian mummies (D)
  2 ice devils (D)
  A demonic crawler (D)
  A jumping spider (D)
  A troll (D)
  2 polar bears (D)
  3 blink frogs (D)
  3 merfolk (D)
  A hornet (D)
  A redback (D)
  2 spriggans (D)
  A vampire (D)
  A wraith (D)
  A fire bat (D)
  Grum (D)
  8 vampire mosquitoes (D)
  An acid dragon (D)
  A water moccasin (D)
  A floating eye (D)
  A black bear (D)
  3 ice beasts (D)
  An orc warrior (D)
  5 wolves (D)
  A small abomination (D)
  A centaur (D)
  2 kobold brigands (D)
  2 bullfrogs (D)
  A quasit (D)
  An orc priest (D)
  A gnoll shaman (D)
  2 orc wizards (D)
  2 worker ants (D)
  6 gnolls (D)
  A river rat (D)
  2 ufetubi (D)
  2 oozes (D)
  A worm (D)
  2 leopard geckos (D)
  5 orcs (D)
  2 giant cockroaches (D)
  A goblin (D)
  A hobgoblin (D)
  5 jackals (D)
  2 kobolds (D)
  A ball python skeleton (D)
  A bat (D)
  A quokka skeleton (D)
106 creatures vanquished.

Vanquished Creatures (others)
  A vampire mage (D)
1 creature vanquished.

Grand Total: 107 creatures vanquished

Notes
Turn   | Place    | Note
-------+----------+-------------------------------------------
     0 | D        | mhtbhm the Minotaur Fighter began the quest for the Orb.
     0 | D        | Reached XP level 1. HP: 19/19 MP: 0/0
    14 | D        | Reached XP level 2. HP: 28/28 MP: 1/1
    18 | D        | Found a bloodstained altar of Trog.
    18 | D        | Found a shimmering blue altar of Sif Muna.
    18 | D        | Found a viscous altar of Jiyva.
    18 | D        | Found a hazy altar of Hepliaklqana.
    18 | D        | Found an opulent altar of Gozag.
    19 | D        | Found a glowing golden altar of the Shining One.
    19 | D        | Found a glowing silver altar of Zin.
    19 | D        | Found a basalt altar of Yredelemnul.
    19 | D        | Found a shimmering altar of Xom.
    19 | D        | Found an ornate altar of the Wu Jian Council.
    19 | D        | Found a sacrificial altar of Ru.
    19 | D        | Found a stormy altar of Qazlal.
    19 | D        | Found an iron altar of Okawaru.
    19 | D        | Found a sparkling altar of Nemelex Xobeh.
    19 | D        | Found a burning altar of Makhleb.
    19 | D        | Found a blossoming altar of Fedhas.
    19 | D        | Found a white marble altar of Elyvilon.
    19 | D        | Found a shadowy altar of Dithmenos.
    19 | D        | Found a snail-covered altar of Cheibriados.
    21 | D        | Found a radiant altar of Vehumet.
    21 | D        | Found a corrupted altar of Lugonu.
    21 | D        | Found a roughly hewn altar of Beogh.
    22 | D        | Found a hide-covered altar of Uskayaw.
    22 | D        | Found an ancient bone altar of Kikubaaqudgha.
    22 | D        | Found a broken altar of Ashenzari.
    29 | D        | Became a worshipper of Warmaster Okawaru
    78 | D        | Reached skill level 5 in Fighting
    78 | D        | Reached skill level 3 in Axes
    78 | D        | Reached skill level 5 in Armour
    78 | D        | Reached skill level 5 in Shields
    78 | D        | Reached skill level 1 in Invocations
    78 | D        | Reached XP level 3. HP: 24/36 MP: 1/3
   193 | D        | Reached skill level 4 in Axes
   193 | D        | Reached XP level 4. HP: 37/44 MP: 4/4
   201 | D        | Noticed an ice beast
   212 | D        | Killed an ice beast
   212 | D        | Reached * piety under Okawaru
   213 | D        | Reached skill level 5 in Axes
   213 | D        | Reached skill level 1 in Dodging
   213 | D        | Reached XP level 5. HP: 30/51 MP: 4/7
   370 | D        | Reached skill level 6 in Axes
   371 | D        | Noticed an orc warrior
   381 | D        | Reached skill level 7 in Axes
   381 | D        | Reached XP level 6. HP: 53/60 MP: 8/8
   393 | D        | Reached skill level 5 in Invocations
   402 | D        | Killed an orc warrior
   402 | D        | Reached ** piety under Okawaru
   403 | D        | Reached skill level 8 in Axes
   594 | D        | Noticed Grum
   602 | D        | Killed Grum
   603 | D        | Reached skill level 9 in Axes
   603 | D        | Reached XP level 7. HP: 52/68 MP: 10/10
   761 | D        | Paralysed by a floating eye for 3 turns
   766 | D        | Reached skill level 10 in Axes
   902 | D        | Noticed a rime drake
   906 | D        | Killed a rime drake
   906 | D        | Reached *** piety under Okawaru
   907 | D        | Reached skill level 11 in Axes
   907 | D        | Reached skill level 10 in Shields
   907 | D        | Reached XP level 8. HP: 62/78 MP: 12/12
   927 | D        | Noticed a manticore
   932 | D        | Killed a manticore
   932 | D        | Reached **** piety under Okawaru
   933 | D        | Reached skill level 12 in Axes
  1253 | D        | Noticed an orange demon
  1266 | D        | Killed an orange demon
  1267 | D        | Reached skill level 10 in Fighting
  1267 | D        | Reached skill level 13 in Axes
  1267 | D        | Reached skill level 10 in Armour
  1267 | D        | Reached XP level 9. HP: 68/85 MP: 14/14
  1500 | D        | Noticed a polar bear
  1512 | D        | Killed a polar bear
  1532 | D        | Noticed a cyclops
  1539 | D        | Killed a cyclops
  1539 | D        | Reached ***** piety under Okawaru
  1540 | D        | Reached skill level 14 in Axes
  1543 | D        | Noticed a smoke demon
  1548 | D        | Killed a smoke demon
  1549 | D        | Noticed a cane toad
  1551 | D        | Noticed a troll
  1552 | D        | Noticed a demonic crawler
  1553 | D        | Noticed a polar bear
  1553 | D        | Noticed a deep elf zephyrmancer
  1557 | D        | Killed a cane toad
  1557 | D        | Killed a troll
  1558 | D        | Reached skill level 10 in Invocations
  1568 | D        | Killed a demonic crawler
  1568 | D        | Killed a polar bear
  1569 | D        | Reached XP level 10. HP: 38/96 MP: 16/16
  1571 | D        | Killed a deep elf zephyrmancer
  1572 | D        | Reached skill level 15 in Axes
  1858 | D        | Noticed a death yak
  1865 | D        | Killed a death yak
  1866 | D        | Received a gift from Okawaru
  2059 | D        | Reached ****** piety under Okawaru
  2060 | D        | Reached skill level 16 in Axes
  2143 | D        | Noticed Nergalle
  2150 | D        | Killed Nergalle
  2151 | D        | Reached XP level 11. HP: 59/105 MP: 18/18
  2392 | D        | Noticed a centaur warrior
  2397 | D        | Reached skill level 17 in Axes
  2401 | D        | Killed a centaur warrior
  2406 | D        | Reached skill level 15 in Shields
  2522 | D        | Noticed a lindwurm
  2523 | D        | Noticed a deep elf pyromancer
  2529 | D        | Killed a lindwurm
  2535 | D        | Killed a deep elf pyromancer
  2697 | D        | Noticed a merfolk impaler
  2697 | D        | Noticed a boulder beetle
  2707 | D        | Received a gift from Okawaru
  2708 | D        | Reached skill level 18 in Axes
  2716 | D        | Killed a boulder beetle
  2720 | D        | Killed a merfolk impaler
  3110 | D        | Noticed a vampire mage
  3110 | D        | Noticed a spriggan rider
  3110 | D        | Noticed a purple draconian monk
  3110 | D        | Noticed a spriggan berserker
  3110 | D        | Noticed a deep elf master archer
  3127 | D        | Killed a purple draconian monk
  3127 | D        | Killed a spriggan berserker
  3128 | D        | Reached XP level 12. HP: 32/118 MP: 19/21
  3136 | D        | Killed a vampire mage
  3139 | D        | Shot with an arrow by a deep elf master archer

Illustrated notes

Levels and vault maps discovered:
D:        pitsprint [storerooms_1, entrance_room_1, metal_vault_6, armoury_1,
          mini_pit_1, grid_room_1, main_hall_1, silver_pit, the_coven_3,
          the_vestibule_1, steel_vault_1, golden_pit, hallway_of_sentries,
          crystal_vault_2, iron_vault_3, final_vault]

Skill      XL: |  1  2  3  4  5  6  7  8  9 10 11 |
---------------+----------------------------------+-----
Fighting       | 4 5 6 7 8 9 10 11 12 14 | 14.6
Armour         | 4 5 6 7 8 10 11 12 13 | 13.8
Shields        | 4 5 7 8 9 10 11 12 14 16 | 16.2
Axes           | 3 4 5 7 9 11 13 14 16 18 | 18.9
Invocations    | 1 2 4 6 7 8 10 11 13 | 13.5
Dodging        | 1 2 3 |  3.4
Throwing       | |  0.6
Stealth        | |  0.1

Action                   |  1- 3 |  4- 6 |  7- 9 | 10-12 || total
-------------------------+-------+-------+-------+-------++-------
Melee: Headbutt          |     3 |     9 |    15 |    39 ||    66
       War axe           |     1 |       |       |       ||     1
       Hand axe          |    21 |    58 |    17 |       ||    96
       Broad axe         |       |       |    61 |   147 ||   208
Throw: Dart              |       |     1 |       |       ||     1
Invok: Heroism           |       |       |       |     1 ||     1
  Use: Potion            |       |     1 |     2 |     8 ||    11
       Scroll            |       |       |       |     2 ||     2
Armor: Scale mail        |     7 |     6 |       |       ||    13
       Chain mail        |       |    24 |     6 |       ||    30
       Plate armour      |       |       |    57 |    73 ||   130
Dodge: Dodged            |    11 |    22 |    41 |    71 ||   145
Block: Kite shield       |    21 |    34 |    75 |   128 ||   258

Table legend: (Time is in decaauts)
 A = Elapsed time spent in this place.
 B = Non-inter-level travel time spent in this place.
 C = Inter-level travel time spent in this place.
 D = Time resting spent in this place.
 E = Time spent auto-exploring this place.
 F = Levels seen in this place.
 G = Mean time per level.
                   A        B        C        D        E       F      G
               +--------+--------+--------+--------+--------+-----+--------+
         Total |   3115 |   3115 |      0 |   1927 |    277 |   1 | 3115.0 |
       Dungeon |   3115 |   3115 |      0 |   1927 |    277 |   1 | 3115.0 |
               +--------+--------+--------+--------+--------+-----+--------+

Top non-repeatable levels by time:
       D: 3115 daAuts
